Map: Ascension to Aiur LE

Players

omegabanana - Winner!

  • Race: Protoss Protoss
  • League: Gold
  • Spawn Location: 5:00

McMonMEMEroe

  • Race: Zerg Zerg
  • League: Master
  • Spawn Location: 11:00

VOD

https://go.twitch.tv/videos/186074637

Description

Time

  • Played on: Oct. 29, 2017, 1:26 p.m.
  • Length: 9:26
Show
View Real Time Build Order
Export as new Build Order

omegabanana Protoss - Winner!

Build Orders: 1 Gate Expand 

Get SALT Encoding   

  12  0:00  Probe (Chrono Boost)  
  13  0:11  Probe (Chrono Boost)  
  14  0:17  Pylon  
  14  0:22  Probe (Chrono Boost)  
  16  0:35  Probe (Chrono Boost)  
  16  0:39  Gateway  
  16  0:43  Assimilator  
  16  0:46  Probe (Chrono Boost)  
  18  0:57  Probe (Chrono Boost)  
  18  1:07  Probe (Chrono Boost)  
  19  1:22  Nexus  
  19  1:26  Probe (Chrono Boost)  
  20  1:34  Cybernetics Core  
  20  1:37  Probe (Chrono Boost)  
  21  1:44  Assimilator  
  21  1:47  Probe (Chrono Boost)  
  21  1:53  Pylon  
  22  1:58  Probe (Chrono Boost)  
  23  2:11  Zealot (Chrono Boost)  
  23  2:12  Mothership Core (Chrono Boost)  
  27  2:19  Warp Gate (Chrono Boost)  
  27  2:20  Forge  
  27  2:30  Probe (Chrono Boost)  
  27  2:32  Probe (Chrono Boost)  
  29  2:38  Sentry (Chrono Boost)  
  29  2:41  Probe  
  32  2:44  Probe  
  33  2:52  Pylon  
  33  2:54  Probe  
  33  2:56  Probe  
  35  3:00  Pylon  
  35  3:06  Probe (Chrono Boost)  
  35  3:07  Probe (Chrono Boost)  
  35  3:10  Pylon  
  39  3:12  Sentry (Chrono Boost)  
  39  3:17  Probe (Chrono Boost)  
  39  3:18  Photon Cannon  
  40  3:24  Probe (Chrono Boost)  
  41  3:30  Robotics Facility, Probe (Chrono Boost)  
  42  3:35  Probe (Chrono Boost)  
  42  3:40  Protoss Ground Weapons Level 1  
  42  3:41  Gateway, Probe (Chrono Boost)  
  44  3:49  Probe (Chrono Boost)  
  44  3:54  Pylon, Sentry (Chrono Boost)  
  44  3:58  Pylon  
  44  3:59  Probe  
  44  4:00  Probe  
  46  4:11  Gateway, Probe  
  46  4:13  Probe  
  48  4:17  Warp Prism  
  48  4:24  Probe (Chrono Boost)  
  51  4:25  Probe (Chrono Boost)  
  51  4:26  Assimilator  
  51  4:27  Assimilator  
  52  4:33  Pylon, Sentry  
  52  4:35  Probe (Chrono Boost)  
  55  4:39  Probe (Chrono Boost)  
  55  4:40  Pylon  
  55  4:44  Twilight Council  
  56  4:51  Probe (Chrono Boost)  
  56  4:52  Sentry  
  59  4:55  Probe (Chrono Boost)  
  60  5:01  Zealot  
  62  5:07  Zealot  
  62  5:10  Probe (Chrono Boost)  
  65  5:21  Pylon, Blink (Chrono Boost)  
  65  5:24  Pylon  
  65  5:29  Zealot x2  
  65  5:35  Nexus  
  69  5:40  Probe  
  70  5:50  Zealot  
  70  5:51  Zealot x2  
  76  5:59  Immortal (Chrono Boost)  
  76  6:03  Probe  
  76  6:04  Protoss Ground Weapons Level 2  
  79  6:05  Probe  
  79  6:10  Gateway  
  74  6:12  Gateway  
  74  6:14  Gateway, Sentry x2  
  74  6:15  Sentry  
  74  6:16  Gateway  
  76  6:27  Gateway  
  76  6:37  Immortal (Chrono Boost)  
  76  6:39  Stalker  
  82  6:40  Stalker x2  
  86  6:48  Probe  
  86  6:49  Pylon  
  86  6:50  Probe x2  
  89  6:57  Pylon  
  89  6:59  Probe  
  90  7:03  Probe x2  
  92  7:09  Pylon, Probe  
  92  7:12  Immortal (Chrono Boost)  
  92  7:15  Probe x2  
  99  7:20  Probe  
  100  7:23  Stalker  
  100  7:24  Stalker x2  
  100  7:28  Stalker  
  100  7:29  Stalker  
  110  7:38  Stalker x2  
  110  7:41  Pylon  
  114  7:44  Pylon  
  114  7:54  Stalker x2  
  114  7:55  Stalker  
  114  7:56  Stalker  
  122  8:07  Observer (Chrono Boost)  
  122  8:10  Assimilator, Stalker x4  
  131  8:14  Assimilator  
  131  8:25  Stalker x4  
  138  8:40  Stalker x2  
  140  8:46  Stalker  
  140  8:47  Stalker  
  139  8:52  Stalker  
  119  9:06  Stalker x5  
  125  9:19  Pylon  
  125  9:21  Pylon  
Show
View Real Time Build Order
Export as new Build Order

McMonMEMEroe Zerg 

Build Orders: Hatch First 

Get SALT Encoding   

  12  0:00  Drone  
  13  0:12  Overlord  
  13  0:18  Drone  
  14  0:31  Drone  
  14  0:32  Drone  
  14  0:34  Drone  
  17  0:50  Hatchery  
  17  0:54  Drone  
  17  0:57  Drone  
  18  1:09  Extractor  
  17  1:12  Spawning Pool  
  17  1:15  Drone  
  17  1:18  Drone  
  18  1:27  Drone  
  19  1:38  Overlord  
  19  1:49  Drone  
  20  1:59  Queen  
  20  2:00  Zergling x2  
  23  2:02  Zergling x2, Queen  
  26  2:08  Metabolic Boost  
  26  2:11  Drone  
  26  2:14  Drone  
  28  2:22  Drone  
  29  2:25  Drone  
  30  2:32  Drone  
  31  2:39  Hatchery  
  31  2:41  Drone  
  31  2:48  Pneumatized Carapace  
  31  2:50  Overlord  
  31  2:53  Drone  
  31  2:56  Zergling x2  
  34  2:58  Zergling x2  
  34  3:04  Queen  
  36  3:10  Zergling x2  
  37  3:13  Zergling x6  
  39  3:21  Zergling x8  
  39  3:26  Zergling x2  
  45  3:43  Overlord x2  
  45  3:46  Hatchery  
  44  3:54  Drone  
  43  3:58  Drone  
  43  4:01  Drone x2  
  46  4:03  Drone  
  46  4:07  Drone  
  44  4:13  Drone x6  
  44  4:17  Overlord  
  50  4:24  Drone  
  50  4:25  Evolution Chamber  
  50  4:27  Overlord  
  50  4:28  Drone  
  48  4:39  Drone x2  
  48  4:41  Drone x2  
  48  4:42  Drone  
  53  4:46  Drone x3  
  53  4:47  Roach Warren  
  53  4:51  Zerg Melee Weapons Level 1  
  53  4:52  Overlord, Extractor  
  54  4:53  Drone  
  55  5:07  Extractor  
  55  5:10  Drone x5  
  55  5:11  Overlord  
  59  5:16  Lair  
  59  5:18  Overlord  
  59  5:20  Drone x2  
  61  5:27  Drone x5  
  66  5:30  Roach  
  66  5:34  Roach  
  70  5:37  Roach x3  
  70  5:42  Roach x2  
  80  5:43  Roach  
  80  5:45  Zergling x6  
  84  5:55  Zergling x12  
  79  6:07  Hatchery  
  79  6:11  Zergling x18  
  84  6:20  Drone x2  
  84  6:21  Spire  
  84  6:22  Drone  
  86  6:28  Drone  
  86  6:30  Overlord  
  87  6:40  Drone x6  
  87  6:41  Extractor x2  
  87  6:43  Overlord  
  87  6:45  Overseer  
  91  6:51  Hatchery  
  91  6:52  Drone x5  
  95  6:54  Overlord  
  95  6:55  Overlord  
  95  7:02  Baneling Nest  
  95  7:03  Drone x3  
  95  7:08  Extractor, Drone  
  98  7:10  Drone x4  
  98  7:12  Drone x2  
  98  7:14  Drone x2  
  105  7:19  Overlord  
  105  7:21  Zergling x2  
  105  7:22  Zergling x2  
  107  7:24  Ravager  
  107  7:25  Ravager x3  
  110  7:30  Roach  
  110  7:31  Roach x3  
  110  7:34  Mutalisk x2  
  122  7:37  Mutalisk  
  122  7:39  Overseer  
  122  7:43  Mutalisk  
  126  7:46  Overlord  
  126  7:52  Zergling x10  
  126  7:53  Zergling x8  
  135  7:58  Baneling x9  
  135  8:06  Overlord  
  135  8:07  Overlord x3  
  135  8:09  Baneling x2  
  129  8:21  Zergling x14  
  129  8:22  Zergling x10  
  129  8:25  Ravager x5  
  141  8:41  Ravager  
  127  8:45  Zergling x18  
  128  8:50  Zergling x6  
  128  8:52  Roach x5  
  108  9:03  Zergling x2  
  108  9:04  Zergling x2  
  108  9:06  Zergling x6  
Tags
 
Add a new tag
Caveats
  • Supply blocks, unpowered buildings, or Contaminate may cause inaccurate times.
  • Supply counts are checked every 10 seconds.